 Dungeon Crawl Stone Soup version 0.25-a0-528-g6b7c99946c (webtiles) character file.

Game seed: 15777423835569841313, levelgen mode: classic

191034 EnegeticOcto the Champion of Chaos (level 17, -11/166 HPs)
             Began as a Deep Dwarf Fighter on Feb 19, 2020.
             Was the Champion of Makhleb.
             Mangled by an azure jelly (37 damage)
             ... on level 3 of the Pits of Slime.
             The game lasted 00:18:12 (17170 turns).

EnegeticOcto the Champion of Chaos (DDFi)          Turns: 17170, Time: 00:18:13

Health: -11/166    AC:  5    Str: 25    XL:     17   Next: 23%
Magic:  1/1        EV: 19    Int:  7    God:    Makhleb [******]
Gold:   5272       SH:  7    Dex: 15    Spells: 16/16 levels left

rFire    + . .     SeeInvis .   a - +0 broad axe (flame)
rCold    . . .     Gourm    .   E - +1 buckler of Worpheh {rElec rF+}
rNeg     + . .     Faith    +   H - +9 plate armour of Neruwox {Dex+5}
rPois    +         Spirit   .   w - +2 helmet
rElec    +         Reflect  .   p - +2 cloak {rPois}
rCorr    +         Harm     .   (no gloves)
MR       ++...                  D - +0 pair of boots
Stlth    ..........             M - amulet of faith
HPRegen  0.00/turn              L - ring "Tiazi" {rPois EV+4}
MPRegen  0.07/turn              A - ring of resist corrosion

@: corroded, non-regenerating, studying Dodging
A: damage resistance, heal wounds, clumsy 1, deformed body, dopey 2, negative
energy resistance 1, sense surroundings 2, screaming 2, no potion heal 1, no
regeneration
}: 2/15 runes: decaying, gossamer
a: Heal Wounds, Minor Destruction, Lesser Servant of Makhleb, Major Destruction,
Greater Servant of Makhleb, Renounce Religion


You were on level 3 of the Pits of Slime.
You worshipped Makhleb.
Makhleb was exalted by your worship.
You were not hungry.

You visited 6 branches of the dungeon, and saw 33 of its levels.
You visited 1 bazaar.
You also visited: Gauntlet.

You collected 6410 gold pieces.
You spent 1138 gold pieces at shops.

Inventory:

Hand Weapons
 a - a +0 broad axe of flaming (weapon)
Missiles
 x - 2 throwing nets (quivered)
Armour
 p - a +2 cloak of poison resistance (worn)
 w - a +2 helmet (worn)
 D - a +0 pair of boots (worn)
 E - the +1 buckler of Worpheh (worn) {rElec rF+}
   (You acquired it on level 14 of the Dungeon)

   It protects you from fire.
   It insulates you from electricity.
 H - the +9 plate armour of Neruwox (worn) {Dex+5}
   (You took it off a minotaur in a Gauntlet)

   It affects your dexterity (+5).
   If you remove this armour, your AC will decrease by 19 (5 -> -14).
Jewellery
 b - an uncursed ring of protection from cold
 r - an uncursed ring of protection from magic
 A - a ring of resist corrosion (right hand)
 L - the ring "Tiazi" (left hand) {rPois EV+4}
   (You bought it in a shop on level 14 of the Dungeon)

   [ring of evasion]

   It affects your evasion (+4).
   It protects you from poison.
 M - an amulet of faith (around neck)
 O - a cursed ring of attention {unknown}
Wands
 g - a wand of iceblast (15)
 q - a wand of enslavement (10)
 F - a wand of clouds (6)
 I - a wand of polymorph (9)
 K - a wand of acid (10) {@V1}
 P - a wand of paralysis (10)
 S - a wand of disintegration (7)
Scrolls
 h - 7 scrolls of blinking {@r3}
 n - 9 scrolls of teleportation {@r2}
 t - 5 scrolls of fear
 y - 4 scrolls of fog
 B - 6 scrolls of remove curse {@r6}
 G - a scroll of silence
 N - a scroll of summoning
Potions
 c - 2 potions of haste {unknown}
 d - 5 potions of degeneration {unknown}
 i - 6 potions of heal wounds {@q2}
 j - 4 potions of stabbing {@q5}
 k - 2 potions of might {@q3}
 l - 8 potions of curing {@q1}
 m - 2 potions of berserk rage
 o - 4 potions of lignification {@q7}
 s - 2 potions of flight
 v - 3 potions of mutation
 z - 3 potions of brilliance
 C - a potion of invisibility {unknown}
 J - 4 potions of ambrosia
 Q - a potion of cancellation {unknown}
 R - a potion of magic {unknown}
Books
 f - a manual of Dodging
Comestibles
 e - 26 rations


   Skills:
 * Level 14.1 Fighting
 * Level 16.2 Axes
 * Level 14.7 Armour
 + Level 12.8 Dodging
 - Level 8.8 Shields
 * Level 17.9 Invocations


You had 16 spell levels left.
You didn't know any spells.
Your spell library contained the following spells:

 Spells                   Type           Power        Failure   Level  Hunger
 Animate Skeleton         Necr           N/A          98%         1    ##.....
 Apportation              Tloc           #.....       98%         1    ##.....
 Beastly Appendage        Tmut           #.....       98%         1    ##.....
 Corona                   Hex            #......      98%         1    ##.....
 Magic Dart               Conj           #...         98%         1    ##.....
 Summon Small Mammal      Summ           #...         98%         1    ##.....
 Ensorcelled Hibernation  Hex/Ice        #.....       99%         2    ###....
 Passwall                 Tmut/Erth      #.......     99%         2    ###....
 Searing Ray              Conj           #.....       99%         2    ###....
 Sticks to Snakes         Tmut           #.......     99%         2    ###....
 Swiftness                Chrm/Air       #.......     99%         2    ###....
 Confusing Touch          Hex            #.......     100%        3    ####...
 Dazzling Flash           Conj/Hex       #.....       100%        3    ####...
 Spider Form              Tmut/Pois      #.........   100%        3    ####...
 Tukima's Dance           Hex            #.......     100%        3    ####...
 Fulminant Prism          Conj/Hex       #.........   100%        4    #####..
 Ice Form                 Ice/Tmut       #.......     100%        4    #####..
 Iskenderun's Mystic Bla  Conj/Tloc      #.......     100%        4    #####..
 Passage of Golubria      Tloc           N/A          100%        4    #####..
 Blade Hands              Tmut           #.........   100%        5    ######.
 Lee's Rapid Deconstruct  Erth           #.........   100%        5    ######.
 Metabolic Englaciation   Hex/Ice        #.........   100%        5    ######.
 Yara's Violent Unravell  Hex/Tmut       #.........   100%        5    ######.
 Darkness                 Hex            #.........   100%        6    #######
 Invisibility             Hex            #.......     100%        6    #######


Dungeon Overview and Level Annotations

Branches:
Dungeon (15/15)            Temple (0/1) D:6            Lair (5/6) D:11
  Swamp (4/4) Lair:3       Spider (4/4) Lair:4        Slime (3/5) Lair:5
    Orc (2/2) D:9          Vaults (0/5) D:13         Depths (0/5) D:15
Gauntlet (visited)
    Elf: Orc:2

Altars:
Ashenzari
Dithmenos
Fedhas
Hepliaklqana
Kikubaaqudgha
Makhleb
Qazlal
Ru
Sif Muna
Trog
Vehumet
Xom
Yredelemnul
The Shining One
Jiyva

Shops:
D:14 ?=(:   Orc:2 %(=:


Innate Abilities, Weirdness & Mutations

You are resistant to damage.
You can heal yourself by infusing magical energy.
You resist negative energy. (rN+)
You passively map the area around you.
You do not regenerate.
You are clumsy. (Dex -2)
Armour fits poorly on your strangely shaped body.
You are very dopey. (Int -4)
You sometimes yell uncontrollably at your foes.
Potions are less effective at restoring your health.


Message History

Your magical essence is drained by the effort!
You feel much better.
Your ufetubus barely misses the acid blob.
Your ufetubus hits the acid blob.
Your ufetubus is burned by acid!
Your ufetubus hits the azure jelly.
Your ufetubus closely misses the azure jelly.
The azure jelly hits you! The azure jelly freezes you!
You block the azure jelly's attack. The azure jelly misses you.
The azure jelly hits you. The acid blob hits your ufetubus!!
Your ufetubus dies!
The acid blob spits acid at your ufetubus.
The splash of acid hits your ufetubus!
Your ufetubus is splashed with acid.
The acid corrodes your ufetubus!
Your ufetubus dies!
Your ufetubus hits the acid blob.
Your ufetubus is burned by acid!
Your ufetubus hits the acid blob.
Your ufetubus is burned by acid!
Your ufetubus dies!
The azure jelly closely misses you. The azure jelly barely misses you.
The azure jelly hits you.
* * * LOW HITPOINT WARNING * * *
You block the azure jelly's attack. The shining eye gazes at you.
Your ynoxinul twists and deforms.
Your magical essence is drained by the effort!
You feel much better.
The azure jelly hits you but does no damage.
You block the azure jelly's attack. The azure jelly hits you.
The azure jelly completely misses you.
Your ynoxinul gestures.
You closely miss the azure jelly.
The azure jelly is lightly wounded.
The acid blob hits your ynoxinul!!
Your ynoxinul dies!
Your ufetubus disappears in a puff of smoke! x3
A slime creature comes into view.
The azure jelly hits you but does no damage.
The azure jelly completely misses you.
The azure jelly hits you but does no damage.
The azure jelly misses you.
The slime creature quivers.
You hit the azure jelly but do no damage.
The azure jelly is lightly wounded.
A slime creature comes into view.
You yell at the slime creature!
You block the azure jelly's attack. The azure jelly misses you. x2
The azure jelly hits you but does no damage.
The slime creature quivers.
You slash the acid blob! You burn the acid blob. The acid corrodes you!
Your hands burn!
The acid blob is almost dead.
You closely miss the azure jelly.
The acid blob jiggles.
The acid blob spits acid at you. The splash of acid misses you.
The splash of acid hits the azure jelly.
The azure jelly completely resists.
You hit the acid blob but do no damage.
Your hands burn!
The acid blob is almost dead.
You hit the azure jelly but do no damage.
The azure jelly misses you. The azure jelly hits you!
The azure jelly freezes you!!!
* * * LOW HITPOINT WARNING * * *
You block the azure jelly's attack. x2
A slime creature comes into view.
The acid blob spits acid at you. The splash of acid hits you. You resist.
You are splashed with acid!
You resist.
* * * LOW HITPOINT WARNING * * *
You are too injured to fight recklessly!
You are too injured to fight recklessly!
You are too injured to fight recklessly!
You are too injured to fight recklessly!
You feel much better.
The azure jelly hits you but does no damage.
The azure jelly hits you! The azure jelly freezes you!!!
* * * LOW HITPOINT WARNING * * *
The azure jelly barely misses you. You block the azure jelly's attack.
The shining eye pulsates ominously.
The acid blob spits acid at you. The splash of acid hits you. You resist.
* * * LOW HITPOINT WARNING * * *
The acid corrodes you!
You are splashed with acid!
You resist.
* * * LOW HITPOINT WARNING * * *
The azure jelly closely misses you. The azure jelly completely misses you.
The azure jelly hits you. The azure jelly closely misses you.
You feel much better. The acid blob spits acid at you.
You block the splash of acid. You block the azure jelly's attack. x2
The azure jelly closely misses you. The azure jelly hits you.
* * * LOW HITPOINT WARNING * * *
You feel much better. The acid blob misses you. The azure jelly hits you.
The azure jelly freezes you!!
* * * LOW HITPOINT WARNING * * *
The azure jelly hits you.
* * * LOW HITPOINT WARNING * * *
The azure jelly freezes you!!!
You die...

##.......#*
......#.##
*.#......# *
####....#.##., ,,,
##.#......#... ,
#*#.....<.......,
#..#.#.......... ,
, .......J........
, ,
*#......@...JJ...
,
####...J........,,
, * *#...G.J......
, #...........#. ,
#.............. ,
................ ,
##.#.......>....
###........... , *
, , ,


You could see an acid blob, an azure jelly, 3 slime creatures and a shining eye.

Vanquished Creatures
  Bai Suzhen (Swamp:4)
  Jorgrun (D:15)
  5 acid blobs
  Kirke (D:15)
  3 azure jellies (Slime:1)
  3 emperor scorpions (Spider:4)
  3 ghost moths
  An entropy weaver (Spider:3)
  A spark wasp (Spider:4)
  A minotaur (Gauntlet)
  2 death oozes
  An ice dragon (D:15)
  Erolcha (D:10)
  2 great orbs of eyes
  3 hydras
  Erica (Lair:1)
  7 alligators
  2 centaur warriors (D:14)
  A catoblepas (D:11)
  18 two-headed ogres
  3 ogre magi (Orc:2)
  A death knight (D:9)
  2 tengu warriors (D:15)
  A thrashing horror (Swamp:4)
  Nergalle (Lair:1)
  Sonja (Lair:2)
  2 unseen horrors
  A swamp dragon (Swamp:4)
  An orc knight (D:15)
  2 deep elf magi
  Pikel (D:7)
  5 orb spiders
  16 wolf spiders
  A necromancer (D:13)
  A manticore (shapeshifter) (Gauntlet)
  3 ugly things
  5 cyclopes
  2 shining eyes
  A cyclops (shapeshifter) (Gauntlet)
  A manticore (D:12)
  2 orc sorcerers (D:15)
  3 black mambas
  A moth of wrath (Gauntlet)
  2 molten gargoyles (Lair:4)
  8 spiny frogs
  2 centaur zombies
  A torpor snail (Lair:4)
  A gargoyle (D:12)
  2 rime drakes
  2 kobold demonologists
  3 efreet
  A komodo dragon (D:15)
  10 demonic crawlers
  A tengu conjurer (D:15)
  A troll (shapeshifter) (D:15)
  7 hornets
  7 trolls
  A polar bear (Lair:2)
  6 bog bodies
  11 jumping spiders
  3 tyrant leeches
  54 slime creatures
  3 blink frogs (Lair:2)
  9 dream sheep (Lair:4)
  10 hippogriffs
  A shapeshifter (Gauntlet)
  36 redbacks
  Sigmund (D:3)
  16 tarantellas
  A centaur simulacrum (D:15)
  A wraith (D:15)
  2 shadows
  A spriggan (Swamp:4)
  53 yaks
  A hog (D:15)
  2 wyverns
  A basilisk (Lair:3)
  25 vampire mosquitoes
  2 wargs
  A soldier ant (D:12)
  7 insubstantial wisps
  5 swamp worms
  3 water moccasins
  3 porcupines
  7 orc warriors
  A slave (D:7)
  3 swamp drakes
  A sky beast (D:6)
  2 black bears
  4 phantoms
  5 ice beasts
  26 ogres
  2 boggarts (D:15)
  2 necrophages
  14 wolves
  3 eyes of draining
  19 centaurs
  A big kobold (D:7)
  12 crocodiles
  A gnoll sergeant (D:8)
  19 bullfrogs
  2 scorpions
  10 killer bees
  14 wights
  A howler monkey (D:8)
  An electric eel (Lair:3)
  7 crimson imps
  3 bullfrog zombies
  5 hounds
  5 lava snakes (Lair:4)
  Crazy Yiuf (D:7)
  A bullfrog skeleton (D:7)
  11 orc priests
  13 orc wizards
  3 iron imps (D:5)
  Jessica (D:3)
  4 iguanas
  9 worker ants
  A killer bee zombie (D:4)
  A hound zombie (D:7)
  3 hound skeletons
  A worker ant zombie (D:11)
  2 howler monkey skeletons
  15 adders
  7 gnolls
  2 river rats (Lair:3)
  5 shadow imps
  An ooze (D:2)
  3 adder zombies
  2 worms (D:5)
  A dart slug (D:1)
  7 leopard geckos
  43 orcs
  4 giant cockroaches
  5 goblins
  2 hobgoblins (D:2)
  17 jackals
  10 quokkas
  A ball python (D:3)
  A ball python zombie (D:6)
  A bat (D:2)
  3 frilled lizards
  10 kobolds
  A leopard gecko skeleton (D:7)
  3 rats
  2 fungi (D:7)
  2 plants (Gauntlet)
791 creatures vanquished.

Vanquished Creatures (collateral kills)
  2 emperor scorpions
  A very ugly thing (Swamp:4)
  An entropy weaver (Spider:3)
  2 green deaths (Swamp:4)
  A death ooze (Swamp:4)
  A fire dragon (D:15)
  3 hydras (Swamp:4)
  2 two-headed ogres (Orc:2)
  A hell beast (Swamp:4)
  An ogre mage (Orc:2)
  3 swamp dragons (Swamp:4)
  A large abomination (Swamp:4)
  10 orb spiders
  7 wolf spiders
  2 shining eyes
  A moth of wrath (Spider:4)
  An orange demon (Swamp:4)
  2 torpor snails
  5 demonic crawlers
  6 jumping spiders
  3 hornets
  8 slime creatures
  5 bog bodies (Swamp:4)
  3 shadows (Swamp:4)
  14 redbacks
  A spriggan (Swamp:4)
  4 tarantellas
  2 vampire mosquitoes (Swamp:4)
  2 insubstantial wisps (Swamp:1)
  A centaur (D:6)
  4 killer bees (D:10)
100 creatures vanquished.

Vanquished Creatures (others)
  A very ugly thing (Swamp:4)
  A shambling mangrove (Swamp:1)
  An alligator (Swamp:2)
  A demonic crawler (Spider:2)
  A slime creature (Slime:2)
  A spriggan (Swamp:4)
  A tarantella (Spider:3)
  A vampire (D:13)
  3 humans (D:15)
  A vampire mosquito (D:15)
  A swamp worm (Swamp:4)
  A black bear (shapeshifter) (D:15)
  A necrophage (D:7)
  2 boggarts (D:15)
  A centaur (D:15)
  An orc wizard (Orc:2)
  2 fungi
  6 plants
  10 toadstools (Swamp:3)
37 creatures vanquished.

Grand Total: 928 creatures vanquished

Notes
Turn   | Place    | Note
-------+----------+-------------------------------------------
     0 | D:1      | EnegeticOcto the Deep Dwarf Fighter began the quest for the
                  | Orb.
     0 | D:1      | Reached XP level 1. HP: 20/20 MP: 1/1
    51 | D:2      | Reached XP level 2. HP: 20/27 MP: 2/2
   141 | D:2      | Reached skill level 1 in Dodging
   141 | D:2      | Reached XP level 3. HP: 33/34 MP: 3/3
   163 | D:2      | Found a shadowy altar of Dithmenos.
   252 | D:2      | Reached XP level 4. HP: 40/42 MP: 4/4
   548 | D:3      | Reached XP level 5. HP: 48/49 MP: 5/5
   643 | D:3      | Noticed Sigmund
   647 | D:3      | Noticed Jessica
   663 | D:3      | Killed Jessica
   678 | D:3      | Killed Sigmund
   678 | D:3      | Reached XP level 6. HP: 50/57 MP: 5/5
  1095 | D:4      | Reached XP level 7. HP: 66/66 MP: 6/6
  1332 | D:5      | Entered Level 5 of the Dungeon
  1457 | D:5      | Reached skill level 5 in Axes
  1461 | D:5      | Found a shadowy altar of Dithmenos.
  1461 | D:5      | Found a shimmering blue altar of Sif Muna.
  1462 | D:5      | Found an ancient bone altar of Kikubaaqudgha.
  1730 | D:5      | Found a burning altar of Makhleb.
  1769 | D:5      | Became a worshipper of Makhleb the Destroyer
  1927 | D:5      | Reached skill level 5 in Fighting
  2171 | D:6      | Reached skill level 1 in Invocations
  2290 | D:6      | Reached skill level 5 in Armour
  2290 | D:6      | Reached skill level 5 in Shields
  2290 | D:6      | Reached XP level 8. HP: 60/74 MP: 6/8
  2472 | D:6      | Found a shattered altar of Ashenzari.
  2475 | D:6      | Reached skill level 2 in Invocations
  2742 | D:6      | Found a staircase to the Ecumenical Temple.
  3173 | D:7      | Reached skill level 3 in Invocations
  3223 | D:7      | Noticed a hippogriff
  3231 | D:7      | Killed a hippogriff
  3331 | D:7      | Reached * piety under Makhleb
  3331 | D:7      | Reached skill level 4 in Invocations
  3651 | D:7      | Gained mutation: You passively map the area around you.
                  | [Deep Dwarf growth]
  3651 | D:7      | Reached XP level 9. HP: 59/82 MP: 9/9
  3717 | D:7      | Reached skill level 5 in Invocations
  4117 | D:7      | Reached ** piety under Makhleb
  4261 | D:7      | Noticed Pikel
  4283 | D:7      | Killed Pikel
  4283 | D:7      | Reached skill level 6 in Invocations
  4291 | D:7      | Found a burning altar of Makhleb.
  4474 | D:7      | Found a runed translucent door.
  4475 | D:7      | Noticed Crazy Yiuf
  4485 | D:7      | Killed Crazy Yiuf
  4552 | D:8      | Reached skill level 5 in Dodging
  4717 | D:8      | Got a glittering marble ring
  4755 | D:8      | Identified the ring of Wyots {Str+2 Stlth+} (You found it
                  | on level 8 of the Dungeon)
  4840 | D:8      | Noticed a two-headed ogre
  4856 | D:8      | Killed a two-headed ogre
  4856 | D:8      | Reached skill level 7 in Invocations
  4856 | D:8      | Reached XP level 10. HP: 89/94 MP: 11/11
  5048 | D:8      | Found a sacrificial altar of Ru.
  5135 | D:9      | Noticed a death knight
  5170 | D:9      | Killed a death knight
  5239 | D:9      | Found a blossoming altar of Fedhas.
  5243 | D:9      | Found a radiant altar of Vehumet.
  5244 | D:9      | Found a basalt altar of Yredelemnul.
  5245 | D:9      | Found a bloodstained altar of Trog.
  5246 | D:9      | Found a hazy altar of Hepliaklqana.
  5247 | D:9      | Found a glowing golden altar of the Shining One.
  5249 | D:9      | Found a shimmering altar of Xom.
  5304 | D:9      | Reached skill level 8 in Invocations
  5400 | D:9      | Found a staircase to the Orcish Mines.
  5480 | D:10     | Entered Level 10 of the Dungeon
  5532 | D:10     | Reached *** piety under Makhleb
  5657 | D:10     | Noticed Erolcha
  5667 | D:10     | Killed Erolcha
  5812 | D:10     | Found a stormy altar of Qazlal.
  5965 | D:11     | Reached skill level 9 in Invocations
  5969 | D:11     | Reached XP level 11. HP: 60/103 MP: 11/11
  5988 | D:11     | Noticed a catoblepas
  6000 | D:11     | Killed a catoblepas
  6245 | D:11     | Found a staircase to the Lair.
  6494 | D:11     | Reached **** piety under Makhleb
  6681 | D:12     | Reached skill level 10 in Axes
  6785 | D:12     | Killed an unseen horror
  6785 | D:12     | Reached skill level 10 in Invocations
  7022 | D:12     | Noticed a red ugly thing
  7036 | D:12     | Killed a red ugly thing
  7638 | D:13     | Noticed a two-headed ogre
  7645 | D:13     | Killed a two-headed ogre
  7763 | D:13     | Reached skill level 11 in Invocations
  7763 | D:13     | Reached XP level 12. HP: 84/114 MP: 13/13
  7793 | D:13     | Noticed a two-headed ogre
  7813 | D:13     | Killed a two-headed ogre
  7820 | D:13     | Found a gate to the Vaults.
  7983 | D:13     | Reached ***** piety under Makhleb
  8302 | D:14     | Found Kyekixkoefu's Magic Scroll Boutique.
  8303 | D:14     | Found a flickering gateway to a bazaar.
  8322 | Bazaar   | Entered a bazaar
  8346 | Bazaar   | Found Johas's Assorted Antiques.
  8364 | Bazaar   | Found Luif's Antique Weapon Emporium.
  8402 | Bazaar   | Found Ikhlehutu's Antique Weapon Emporium.
  8454 | Bazaar   | Bought a marble ring for 140 gold pieces
  8532 | D:14     | Bought a scroll of brand weapon for 280 gold pieces
  8532 | D:14     | Bought a scroll of silence for 105 gold pieces
  8532 | D:14     | Identified a scroll of acquirement
  8538 | D:14     | Identified the amulet of Ru's Brutal Revenge {Reflect
                  | *Contam Int+9 SH+2} (You acquired it on level 14 of the
                  | Dungeon)
  8538 | D:14     | Identified the +4 executioner's axe of Heklergh {venom,
                  | Str+4} (You acquired it on level 14 of the Dungeon)
  8538 | D:14     | Identified the +1 buckler of Worpheh {rElec rF+} (You
                  | acquired it on level 14 of the Dungeon)
  8584 | D:14     | Noticed a centaur warrior
  8591 | D:14     | Reached skill level 10 in Fighting
  8599 | D:14     | Killed a centaur warrior
  8599 | D:14     | Reached skill level 12 in Invocations
  8648 | D:14     | Found Tarynyr's Weapon Boutique.
  8661 | D:14     | Noticed a centaur warrior
  8668 | D:14     | Killed a centaur warrior
  8723 | D:14     | Found Keuxzetu's Jewellery Shop.
  8899 | D:14     | Found Umubbuwk's Book Shoppe.
  9242 | D:15     | Entered Level 15 of the Dungeon
  9363 | D:15     | Noticed Jorgrun
  9405 | D:15     | Killed Jorgrun
  9405 | D:15     | Reached XP level 13. HP: 97/124 MP: 11/11
  9589 | D:15     | Noticed Kirke
  9606 | D:15     | Killed Kirke
  9606 | D:15     | Reached skill level 13 in Invocations
  9612 | D:15     | Reached skill level 10 in Armour
  9766 | D:15     | Noticed a fire dragon
  9792 | D:15     | Killed a fire dragon
  9799 | D:15     | Found a staircase to the Depths.
 10549 | Lair:1   | Entered Level 1 of the Lair of Beasts
 10549 | Lair:1   | Noticed Nergalle
 10578 | Lair:1   | Killed Nergalle
 10649 | Lair:1   | Noticed Erica
 10668 | Lair:1   | Killed Erica
 10767 | Lair:1   | Found a gate leading to a gauntlet.
 10779 | Gauntlet | Entered a Gauntlet
 10779 | Gauntlet | Found a transporter.
 10779 | Gauntlet | Found a transporter.
 10780 | Gauntlet | Found a transporter.
 10783 | Gauntlet | Found a transporter.
 10783 | Gauntlet | Found a transporter.
 10783 | Gauntlet | Found a transporter.
 10793 | Gauntlet | Found a transporter.
 10797 | Gauntlet | Found a transporter.
 10806 | Gauntlet | Noticed a dire elephant
 10807 | Gauntlet | Found a transporter.
 10909 | Gauntlet | Found a transporter.
 10913 | Gauntlet | Found a transporter.
 10923 | Gauntlet | Found a transporter.
 11101 | Gauntlet | Identified the cursed +1 arbalest "Iwoelergh" {freeze, rC+}
 11101 | Gauntlet | Identified the +9 plate armour of Neruwox {Dex+5}
 11101 | Gauntlet | Noticed a minotaur
 11118 | Gauntlet | Killed a minotaur
 11131 | Gauntlet | Identified the Guide on Curses
 11137 | Gauntlet | Got brightly glowing fire dragon scales
 11144 | Lair:1   | Identified the cursed +1 fire dragon scales of Fyfem
                  | {*Corrode rPois rF++ rC- MR+ Str+3} (You found it in a
                  | Gauntlet)
 11765 | Lair:2   | Found a shimmering altar of Xom.
 11766 | Lair:2   | Noticed Sonja
 11783 | Lair:2   | Killed Sonja
 11919 | Lair:2   | Reached skill level 14 in Invocations
 11980 | Lair:2   | Gained mutation: You resist negative energy. (rN+) [Deep
                  | Dwarf growth]
 11980 | Lair:2   | Reached XP level 14. HP: 135/135 MP: 10/10
 12918 | Lair:3   | Found a staircase to the Swamp.
 12930 | Swamp:1  | Entered Level 1 of the Swamp
 13151 | Swamp:2  | Reached ****** piety under Makhleb
 13193 | Swamp:4  | Entered Level 4 of the Swamp
 13193 | Swamp:4  | Noticed Bai Suzhen
 13224 | Swamp:4  | Killed Bai Suzhen
 13384 | Swamp:4  | Reached skill level 15 in Invocations
 13425 | Swamp:4  | Noticed a cyan very ugly thing
 13426 | Swamp:4  | Noticed a green very ugly thing
 13438 | Swamp:4  | Killed a cyan very ugly thing
 13471 | Swamp:4  | Killed a green very ugly thing
 13474 | Swamp:4  | Reached XP level 15. HP: 124/145 MP: 10/10
 13582 | Swamp:4  | Got a decaying rune of Zot
 14031 | Lair:4   | Found a hole to the Spider Nest.
 14118 | Spider:1 | Entered Level 1 of the Spider Nest
 14211 | Spider:1 | Reached skill level 10 in Dodging
 14571 | Spider:2 | Reached skill level 16 in Invocations
 14682 | Spider:3 | Killed a ghost moth
 14969 | Spider:4 | Entered Level 4 of the Spider Nest
 15001 | Spider:4 | Reached skill level 15 in Axes
 15137 | Spider:4 | Noticed an Executioner
 15138 | Spider:4 | Reached XP level 16. HP: 135/156 MP: 7/7
 15544 | Spider:4 | Got a gossamer rune of Zot
 15937 | D:14     | Bought the ring "Tiazi" {rPois EV+4} for 613 gold pieces
 16090 | Orc:1    | Entered Level 1 of the Orcish Mines
 16119 | Orc:2    | Entered Level 2 of the Orcish Mines
 16221 | Orc:2    | Found Boxamuhuj's Weapon Emporium.
 16221 | Orc:2    | Found Saste's Book Shop.
 16222 | Orc:2    | Found Ijycowuu's Food Boutique.
 16222 | Orc:2    | Found Bamat's Jewellery Emporium.
 16235 | Orc:2    | Reached skill level 17 in Invocations
 16726 | Lair:5   | Found a viscous altar of Jiyva.
 16727 | Lair:5   | Found a staircase to the Slime Pits.
 16757 | Slime:1  | Entered Level 1 of the Pits of Slime
 16824 | Slime:1  | Gained mutation: Potions are less effective at restoring
                  | your health. [a shining eye]
 16878 | Slime:1  | Noticed an acid blob
 16891 | Slime:1  | Killed an acid blob
 17001 | Slime:2  | Noticed an acid blob
 17010 | Slime:2  | Noticed an acid blob
 17020 | Slime:1  | Killed an acid blob
 17033 | Slime:1  | Reached XP level 17. HP: 165/165 MP: 3/3
 17033 | Slime:1  | Gained mutation: You occasionally shout uncontrollably at
                  | your foes. [a shining eye]
 17035 | Slime:1  | Gained mutation: You are dopey. (Int -2) [a shining eye]
 17037 | Slime:1  | Gained mutation: You are clumsy. (Dex -2) [a shining eye]
 17045 | Slime:1  | Gained mutation: You are very dopey. (Int -4) [a shining
                  | eye]
 17060 | Slime:2  | Killed an acid blob
 17097 | Slime:2  | Noticed an acid blob
 17114 | Slime:2  | Killed an acid blob
 17140 | Slime:3  | Noticed an acid blob
 17141 | Slime:3  | Gained mutation: Armour fits poorly on your strangely
                  | shaped body. [a shining eye]
 17143 | Slime:3  | Gained mutation: You sometimes yell uncontrollably at your
                  | foes. [a shining eye]
 17148 | Slime:3  | Noticed an acid blob
 17154 | Slime:3  | Killed an acid blob
 17170 | Slime:3  | Mangled by an azure jelly

Levels and vault maps discovered:
D:1:      eino_arrival_tree_alley, layout_loops_ring, minmay_tetromino_i4
D:2:      layout_loops_ring, first_ration,
          nicolae_dithmenos_through_a_glass_darkly
D:3:      layout_basic, uniq_jessica, uniq_sigmund
D:4:      layout_loops_cross
D:5:      layout_basic, gammafunk_temple_overflow_claw, demons_altar,
          corner_web_ring
D:6:      layout_basic, evilmike_ruin_ashenzari, temple_hall, st_stairs_9,
          chequers_mini_garden, kennysheep_generic_room_8
D:7:      layout_basic, makhleb_blood_cavern_becter, uniq_crazy_yiuf_cottage,
          uniq_pikel
D:8:      layout_basic, overflow_temple_1_default
D:9:      layout_gridville, minitemple, orc_0_dummy
D:10:     layout_cave_pools, basic_altar, uniq_erolcha
D:11:     layout_roguey, lair_entry_dummy
D:12:     layout_basic
D:13:     layout_roguey, david_vaults_1, grunt_ogre_cave
D:14:     layout_basic, serial_shops, bzr_entry_dummy, shop, shop,
          kennysheep_little_box, nicolae_shop_crystal,
          kennysheep_generic_room_10
D:15:     grunt_enter_depths_hoard, layout_loops_ring,
          minmay_misc_feat_diagonals, uniq_jorgrun, uniq_kirke
Lair:1:   layout_cave_pods, gauntlet_entry_generic, uniq_nergalle, uniq_erica
Lair:2:   layout_misc_corridors, basic_altar, uniq_sonja
Lair:3:   layout_regular_city, nicolae_swamp_entry_splash_gauntlet, pond
Lair:4:   cheibrodos_magma_flow, layout_hall_layers, spider_nest_entry_webs
Lair:5:   layout_hall_layers, slime_altar_1, gammafunk_lair_bear_cave,
          lemuel_fruit_fields
Swamp:1:  layout_falls_marsh, evilmike_swamp_ruin_house_4
Swamp:2:  layout_basic_swamp, nicolae_swamp_fairy_circle, uniq_aizul
Swamp:3:  cheibrodos_swamp_tower_of_moss, layout_basic_swamp,
          hangedman_swamp_blocks, uniq_nikola
Swamp:4:  swamp_vile, layout_basic_swamp, infiniplex_staircase_pool,
          uniq_bai_suzhen
Spider:1: layout_spider_delve, spiders_nest_hornet_nest
Spider:2: layout_spider_delve
Spider:3: cheibrodos_spider_deadly_dance
Spider:4: guppyfry_spider_rune
Slime:1:  layout_caves, nicolae_slime_phagocytosis
Slime:2:  layout_caves, cheibrodos_slime_lost_civilization_6
Slime:3:  layout_caves
Orc:1:    layout_caves, serial_shops, shop_statue
Orc:2:    st_orc_ogre_mass, layout_caves, uniq_donald, uniq_saint_roka

Skill      XL: |  1  2  3  4  5  6  7  8  9 10 11 12 13 14 15 16 17 |
---------------+----------------------------------------------------+-----
Fighting       | 3 4 5 6 7 8 9 10 11 12 13 14 | 14.1
Dodging        | 1 2 3 4 5 6 7 8 9 11 12 | 12.8
Axes           | 3 4 5 6 8 9 10 12 13 14 15 16 | 16.2
Shields        | 4 5 6 7 8 |  8.8
Armour         | 4 5 6 7 8 9 10 12 13 14 | 14.7
Invocations    | 1 4 7 9 11 12 14 15 16 17 | 17.9

Action                   |  1- 3 |  4- 6 |  7- 9 | 10-12 | 13-15 | 16-18 || total
-------------------------+-------+-------+-------+-------+-------+-------++-------
Melee: War axe           |    61 |   168 |   553 |    60 |       |       ||   842
       Broad axe         |       |       |       |   856 |  1290 |   567 ||  2713
Invok: Lesser Servant of |       |       |       |     4 |    39 |    15 ||    58
       Greater Servant o |       |       |       |       |     7 |     1 ||     8
 Abil: Heal Wounds       |     1 |     6 |    16 |    31 |    45 |    18 ||   117
Evoke: Wand              |       |       |       |       |     4 |       ||     4
  Use: Scroll            |       |     5 |     9 |     9 |     9 |     1 ||    33
       Potion            |       |       |       |       |     5 |     3 ||     8
 Stab: Distracted        |       |       |       |     1 |    15 |     8 ||    24
       Confused          |       |       |       |       |     4 |       ||     4
       Held in net/web   |       |       |       |       |    13 |     1 ||    14
  Eat: Chunk             |       |     1 |    14 |    17 |    14 |     1 ||    47
       Ration            |       |       |       |       |     2 |     2 ||     4
Armor: Scale mail        |     7 |       |       |       |       |       ||     7
       Plate armour      |    34 |   129 |   307 |   812 |  1284 |   485 ||  3051
Dodge: Dodged            |    16 |    36 |   140 |   422 |   935 |   528 ||  2077
Block: Kite shield       |    39 |   111 |   300 |   609 |       |       ||  1059
       Buckler           |       |       |       |    66 |   697 |   282 ||  1045

Table legend:
 A = Non-vault XP
 B = Vault XP
 C = Vault XP percentage of total XP
 D = Non-vault monster count
 E = Vault monster count
 F = Vault count percentage of total count
                 A         B        C        D         E       F
            +---------+---------+-------+---------+---------+-------
      Total |  154694 |   78213 |  33.6 |     733 |     166 |  18.5
            +---------+---------+-------+---------+---------+-------
        D:1 |       7 |       0 |   0.0 |       3 |       0 |   0.0
        D:2 |     114 |       0 |   0.0 |      19 |       0 |   0.0
        D:3 |     158 |     257 |  61.9 |      24 |       2 |   7.7
        D:4 |     267 |       0 |   0.0 |      16 |       0 |   0.0
        D:5 |     320 |     119 |  27.1 |      21 |       3 |  12.5
        D:6 |     371 |     132 |  26.2 |      13 |       2 |  13.3
        D:7 |    1731 |     676 |  28.1 |      44 |       3 |   6.4
        D:8 |    1859 |       0 |   0.0 |      21 |       0 |   0.0
        D:9 |    2054 |       0 |   0.0 |      18 |       0 |   0.0
       D:10 |    1685 |     993 |  37.1 |      25 |       1 |   3.8
       D:11 |    3696 |       0 |   0.0 |      32 |       0 |   0.0
       D:12 |    5374 |       0 |   0.0 |      28 |       0 |   0.0
       D:13 |    6575 |    2874 |  30.4 |      34 |       5 |  12.8
       D:14 |    4375 |     815 |  15.7 |      16 |       2 |  11.1
       D:15 |   11543 |    6498 |  36.0 |      49 |       5 |   9.3
     Lair:1 |    1968 |    1783 |  47.5 |      10 |       2 |  16.7
     Lair:2 |    5204 |     820 |  13.6 |      27 |       1 |   3.6
     Lair:3 |    2871 |    1113 |  27.9 |      15 |      11 |  42.3
     Lair:4 |    8980 |    1104 |  10.9 |      41 |       7 |  14.6
     Lair:5 |    1174 |       0 |   0.0 |       3 |       0 |   0.0
    Swamp:1 |    6430 |       0 |   0.0 |      15 |       0 |   0.0
    Swamp:2 |    4800 |       0 |   0.0 |      10 |       0 |   0.0
    Swamp:3 |     398 |       0 |   0.0 |       2 |       0 |   0.0
    Swamp:4 |    7496 |   19501 |  72.2 |      36 |      33 |  47.8
   Spider:1 |   13199 |       0 |   0.0 |      48 |       0 |   0.0
   Spider:2 |    4979 |       0 |   0.0 |      17 |       0 |   0.0
   Spider:3 |   11765 |       0 |   0.0 |      25 |       0 |   0.0
   Spider:4 |    8974 |   17670 |  66.3 |      35 |      37 |  51.4
    Slime:1 |   19682 |    1030 |   5.0 |      38 |       4 |   9.5
    Slime:2 |   11678 |       0 |   0.0 |      24 |       0 |   0.0
    Slime:3 |    3240 |       0 |   0.0 |       3 |       0 |   0.0
      Orc:1 |    1049 |       0 |   0.0 |      14 |       0 |   0.0
      Orc:2 |     678 |   19666 |  96.7 |       7 |      40 |  85.1
   Gauntlet |       0 |    3162 | 100.0 |       0 |       8 | 100.0
            +---------+---------+-------+---------+---------+-------
